 Dungeon Crawl Stone Soup version 0.27-a0-46-g34d46f0a3f (webtiles) character file.

Game seed: 465681785418628265

833 Borgoz the Ruffian (level 7, -2/61 HPs)
             Began as a Ghoul Monk on Jan 6, 2021.
             Slain by Prince Ribbit (11 damage)
             ... on level 6 of the Dungeon.
             The game lasted 00:04:35 (5034 turns).

Borgoz the Ruffian (Ghoul Monk)                     Turns: 5034, Time: 00:04:35

Health: -2/61      AC:  6    Str: 15 (16) XL:     7   Next: 98%
Magic:  6/6        EV: 13    Int:  5      God:
Gold:   295        SH:  6    Dex: 11 (12) Spells: 6/6 levels left

rFire    + . .     SeeInvis .     - Unarmed
rCold    + + .     Faith    .   p - +2 buckler
rNeg     + + +     Spirit   .   e - +0 leather armour
rPois    ∞         Reflect  .   f - +0 helmet
rElec    +         Harm     .   l - +0 cloak
rCorr    +         Rampage  .   (no gloves)
Will     .....                  a - +0 pair of boots
Stlth    ++........             (no amulet)
HPRegen  0.00/turn              (no ring)
MPRegen  0.10/turn              (no ring)

@: mighty, resistant, very slightly contaminated, invisible
A: claws 1, cold resistance 1, negative energy resistance 3, inhibited
regeneration, torment resistance, unbreathing
a: no special abilities


You were on level 6 of the Dungeon.
You visited 2 branches of the dungeon, and saw 7 of its levels.

You collected 295 gold pieces.

Inventory:

Armour
 a - a +0 pair of boots (worn)
 e - a +0 leather armour (worn)
 f - a +0 helmet (worn)
 l - a +0 cloak (worn)
 p - a +2 buckler (worn)
Jewellery
 t - a +4 ring of protection {unknown}
Wands
 q - a wand of acid (4)
 x - a wand of digging (6)
Scrolls
 b - a scroll of immolation {unknown}
 d - 2 scrolls of magic mapping {unknown}
 g - 4 scrolls of remove curse {unknown}
 h - 2 scrolls of fog {unknown}
 i - 2 scrolls of fear {unknown}
 j - 2 scrolls of amnesia {unknown}
 n - 3 scrolls of teleportation {unknown}
 r - 2 scrolls of random uselessness {unknown}
 s - a scroll of identify {unknown}
 w - a scroll of enchant weapon {unknown}
Potions
 c - 4 potions of curing
 m - 2 potions of mutation
 o - a potion of resistance
 u - a potion of haste {unknown}


   Skills:
 + Level 5.0 Fighting
 + Level 2.0 Armour
 * Level 5.2 Dodging
 - Level 2.1 Stealth
 + Level 2.0 Shields
 * Level 6.3 Unarmed Combat


You had 6 spell levels left.
You didn't know any spells.
Your spell library contained the following spells:

 Spells                   Type           Power        Failure   Level
 Beastly Appendage        Tmut           Unusable     N/A         1
 Wereblood                Tmut           Unusable     N/A         2
 Spider Form              Tmut/Pois      Unusable     N/A         3
 Ice Form                 Ice/Tmut       Unusable     N/A         4
 Blade Hands              Tmut           Unusable     N/A         5

Dungeon Overview and Level Annotations

Branches:
Dungeon (6/15)             Temple (1/1) D:4

Altars:
Ashenzari
Cheibriados
Elyvilon
Gozag
Kikubaaqudgha
Makhleb
Nemelex Xobeh
Qazlal
Ru
Sif Muna
Trog
Uskayaw
Vehumet
Xom
Zin

Annotations:
D:6 Prince Ribbit


Innate Abilities, Weirdness & Mutations

You thrive by killing the living.
You are immune to poison.
You have sharp fingernails.
Your flesh is cold resistant. (rC+)
You are immune to negative energy. (rN+++)
You do not regenerate when monsters are visible.
You are immune to unholy pain and torment.
You can survive without breathing.


Message History

The ogre hits you with a +0 giant club!!
* * * LOW HITPOINT WARNING * * *
Prince Ribbit blinks!
You feel better. The ogre barely misses you.
It was a potion of resistance.
You feel protected. The ogre barely misses you.
It was a potion of might.
You feel very mighty all of a sudden.
It was a potion of invisibility.
You fade into invisibility!
The ogre closely misses you.
You are very lightly contaminated with residual magic.
You scratch the ogre.
The ogre is moderately wounded.
The ogre closely misses you.
You scratch the ogre.
The ogre is heavily wounded.
Prince Ribbit hits you!
You die...

#.# #.##.....[.
....#> #.#
#.##......##.#...
#..
#.##......#.Z..#
#.# .....#...#
#.# ......# #.#
##...# #.# #.†.#
#.######?.##
#.#..F@OY.#
#.#.#####.# #.#.#
#.# #...# #.#
#..## #.# .^.##
... #..#.# ..
...##.# .. ##.#
#.#


You could see Prince Ribbit, an ice beast and an ogre.

Vanquished Creatures
  2 sky beasts
  An ice beast (D:5)
  An orc priest (D:5)
  Crazy Yiuf (D:2)
  4 hounds
  2 jellies (D:5)
  An iguana (D:5)
  An orc wizard (D:5)
  Jessica (D:2)
  Natasha (D:2)
  A hound skeleton (D:5)
  5 adders
  A shadow imp (D:6)
  2 white imps
  An ufetubus (D:5)
  An adder skeleton (D:4)
  2 worms
  2 dart slugs
  4 leopard geckos
  6 orcs
  19 giant cockroaches
  9 goblins
  13 hobgoblins
  6 jackals
  A quokka (D:4)
  A ball python (D:1)
  5 bats
  3 frilled lizards
  7 kobolds
  8 rats
112 creatures vanquished.

Notes
Turn   | Place    | Note
-------+----------+-------------------------------------------
     0 | D:1      | Borgoz the Ghoul Monk began the quest for the Orb.
     0 | D:1      | Reached XP level 1. HP: 19/19 MP: 0/0
   497 | D:1      | Reached XP level 2. HP: 26/26 MP: 1/1
  1001 | D:1      | Reached XP level 3. HP: 31/31 MP: 2/2
  1386 | D:1      | Reached skill level 4 in Unarmed Combat
  1550 | D:2      | Noticed Natasha
  1658 | D:2      | Killed Natasha
  1659 | D:2      | Reached XP level 4. HP: 21/40 MP: 3/3
  1846 | D:2      | Noticed Jessica
  1848 | D:2      | Killed Jessica
  2016 | D:2      | Reached XP level 5. HP: 38/46 MP: 4/4
  2156 | D:2      | Found a runed translucent door.
  2157 | D:2      | Noticed Crazy Yiuf
  2286 | D:2      | Found a sparkling altar of Nemelex Xobeh.
  2556 | D:2      | Killed Crazy Yiuf
  2898 | D:3      | Reached skill level 5 in Unarmed Combat
  2951 | D:3      | Found a stormy altar of Qazlal.
  3146 | D:3      | Found a shimmering blue altar of Sif Muna.
  3254 | D:4      | Reached XP level 6. HP: 48/52 MP: 5/5
  3411 | D:4      | Found a hide-covered altar of Uskayaw.
  3547 | D:4      | Found a bloodstained altar of Trog.
  3673 | D:4      | Found a staircase to the Ecumenical Temple.
  3694 | Temple   | Entered the Ecumenical Temple
  4019 | D:5      | Entered Level 5 of the Dungeon
  4185 | D:5      | Found an opulent altar of Gozag.
  4216 | D:5      | Reached skill level 1 in Armour
  4216 | D:5      | Reached skill level 1 in Shields
  4428 | D:5      | Noticed a sky beast
  4448 | D:5      | Killed a sky beast
  4449 | D:5      | Reached XP level 7. HP: 45/60 MP: 6/6
  4725 | D:5      | Reached skill level 5 in Dodging
  4725 | D:5      | Reached skill level 6 in Unarmed Combat
  4964 | D:6      | Found an opulent altar of Gozag.
  5020 | D:6      | Reached skill level 5 in Fighting
  5020 | D:6      | Noticed Prince Ribbit
  5028 | D:6      | HP: 3/61 [ogre/+0 giant club (20)]
  5034 | D:6      | Slain by Prince Ribbit

Illustrated notes

Levels and vault maps discovered:
D:1:      zaba_arrival_water, layout_basic, grunt_decor_cap,
          chequers_serial_rivers_large_b, minmay_misc_feat_roman
D:2:      layout_loops_ring, marbit_many_paths, uniq_jessica, uniq_natasha,
          uniq_crazy_yiuf_cottage
D:3:      minmay_roachtagon, layout_rooms, lemuel_blue_sif_altar,
          lemuel_doored_altar, minmay_unequal
D:4:      layout_loops_ring, old_standard_altar, lemuel_round_altar,
          temple_fountains, hex_large, kennysheep_generic_room_13
D:5:      layout_basic, grunt_gozag_statues
D:6:      layout_rooms, kennysheep_little_box, sigmund_army, uniq_prince_ribbit1
Temple:   grunt_temple_mini_profane

Skill      XL: |  1  2  3  4  5  6  7 |
---------------+----------------------+-----
Dodging        | 3 4 5 |  5.2
Unarmed Combat | 4 5 6 |  6.3
Fighting       | 4 5 |  5.0
Armour         | 1 2 |  2.0
Shields        | 1 2 |  2.0
Stealth        | |  2.1

Action                   |  1- 3 |  4- 6 |  7- 9 || total
-------------------------+-------+-------+-------++-------
Melee: Unarmed           |   119 |   207 |    83 ||   409
       Punch             |       |     2 |       ||     2
  Use: Potion            |       |     1 |     5 ||     6
 Stab: Sleeping          |     1 |     8 |     2 ||    11
Armor: Robe              |    10 |       |       ||    10
       Leather armour    |     4 |    65 |    21 ||    90
Dodge: Dodged            |    65 |   141 |    54 ||   260
Block: Buckler           |       |    29 |    28 ||    57

Table legend: (Time is in decaauts)
 A = Elapsed time spent in this place.
 B = Non-inter-level travel time spent in this place.
 C = Inter-level travel time spent in this place.
 D = Time resting spent in this place.
 E = Time spent auto-exploring this place.
 F = Levels seen in this place.
 G = Mean time per level.
                   A        B        C        D        E       F      G
               +--------+--------+--------+--------+--------+-----+--------+
         Total |   5044 |   4831 |    213 |    440 |   3590 |   7 |  720.6 |
       Dungeon |   4851 |   4676 |    175 |    440 |   3436 |   6 |  808.5 |
        Temple |    192 |    154 |     38 |      0 |    154 |   1 |  192.0 |
               +--------+--------+--------+--------+--------+-----+--------+

Top non-repeatable levels by time:
     D:1: 1484 daAuts
     D:2: 1177 daAuts
     D:5: 877 daAuts
     D:4: 602 daAuts
     D:3: 582 daAuts
  Temple: 192 daAuts
     D:6: 126 daAuts
